 Dungeon Crawl Stone Soup version 0.29.1-15-g9cfb28693d (webtiles) character file.

Game seed: 1680400270575144399

32 coffeetime the Grasshopper (level 3, 33/33 HPs)
             Began as a Troll Warper on July 3, 2023.
             Was a Follower of Sif Muna.
             Quit the game on level 1 of the Dungeon.
             The game lasted 00:01:35 (509 turns).

coffeetime the Grasshopper (Troll Warper)            Turns: 509, Time: 00:01:35

Health: 33/33      AC:  4    Str: 21    XL:     3   Next: 8%
Magic:  3/3        EV: 10    Int:  9    God:    Sif Muna [*.....]
Gold:   62         SH:  0    Dex:  9    Spells: 4/4 levels left

rFire   . . .      SeeInvis .     - Unarmed
rCold   . . .      Faith    .   (no shield)
rNeg    . . .      Spirit   .   a - +0 robe
rPois   .          Reflect  .   (helmet restricted)
rElec   .          Harm     .   (no cloak)
rCorr   .          Rampage  .   (gloves unavailable)
Will    .....                   (boots unavailable)
Stlth   +.........              (no amulet)
HPRegen 0.91/turn               (no ring)
MPRegen 0.08/turn               (no ring)

@: no status effects
A: large, unfitting armour, claws 3, regeneration 1, shaggy fur 1, tough skin 1
a: Renounce Religion, Channel Magic


You were on level 1 of the Dungeon.
You worshipped Sif Muna.
Sif Muna was aware of your devotion.
You visited 1 branch of the dungeon, and saw 1 of its levels.

You collected 62 gold pieces.

Inventory:

Missiles
 c - 7 boomerangs of dispersal
 d - 23 stones (quivered)
Armour
 a - a +0 robe (worn)
Scrolls
 b - a scroll of blinking
Potions
 e - 2 potions of curing {unknown}
 f - a potion of lignification {unknown}
 g - a potion of mutation {unknown}
 h - a potion of attraction {unknown}


   Skills:
 + Level 1.6 Fighting
 + Level 0.8 Throwing
 + Level 2.2 Dodging
 + Level 2.4 Unarmed Combat
 + Level 1.3 Spellcasting
 + Level 2.6 Translocations


You had 4 spell levels left.
You didn't know any spells.
Your spell library contained the following spells:

 Spells                   Type           Power      Damage    Failure   Level
 Blink                    Tloc           10%        N/A       19%         2
 Gell's Gravitas          Tloc           5%         N/A       36%         3
 Lesser Beckoning         Tloc           5%         N/A       36%         3
 Teleport Other           Tloc           5%         N/A       36%         3
 Manifold Assault         Tloc           5%         N/A       98%         5


Dungeon Overview and Level Annotations

Branches:
Dungeon (1/15)

Altars:
Sif Muna


Innate Abilities, Weirdness & Mutations

You are too large for most types of armour.
You have claws for hands.
Your natural rate of healing is unusually fast.
You are covered in fur. (AC +1)
You have tough skin. (AC +1)


Message History

Increase (S)trength, (I)ntelligence, or (D)exterity?
You feel stronger. x3
An endoplasm comes into view.
Found a black potion.
A hobgoblin comes into view.
The hobgoblin shouts!
The hobgoblin hits you.
You scratch the hobgoblin.
You kill the hobgoblin!
You completely miss the endoplasm. The endoplasm barely misses you.
You claw the endoplasm!
You kill the endoplasm!
No target in view!
No target in view!
The eye of devastation turns its gaze towards you.
d - 23 stones (gained 7)
Found a faded altar of an unknown god.
You now have 62 gold pieces (gained 3).
A rat comes into view.
A rat is nearby!
The floating eye turns its gaze towards you.
The shining eye turns its gaze towards you.
You see here a black potion.
The rat bites you.
The eye of devastation pulsates ominously.
You see here a black potion.
You scratch the rat but do no damage. The rat bites you but does no damage.
You barely miss the rat. The rat closely misses you.
You claw the rat!
You kill the rat!
h - a black potion
There is a faded altar of an unknown god here.
There is a faded altar of an unknown god here.
You cannot tell which god this altar belongs to.
Convert to them anyway?
Okay, then.
You cannot tell which god this altar belongs to.
Convert to them anyway?
Sif Muna accepts your prayer! Sif Muna welcomes you!
You can now call upon Sif Muna for magical energy.
Are you sure you want to abandon this character and quit the game? (Confirm with "yes".)

.#
.....#####..........#.....
## ..... #..........######
.# ....#####.......... ##
#. ..# #.. ............ .#
.##.# #.###...###..... ##
..#.# ##.#G#...#G#..... .#
#.#.###..###...###.... ##
#.#................... .#
##.#.........@_........ ##
#...................... .#
#†.......###...###.#.# ##
####......#G#...#G# # .#
#.........###...### ##
#.##.............. .#
#.##......########. ##
#.######### .# #.#


You could see 2 shining eyes, an eye of devastation and a floating eye.

Vanquished Creatures
  A dart slug (D:1)
  3 ball pythons (D:1)
  2 bats (D:1)
  4 endoplasms (D:1)
  2 giant cockroaches (D:1)
  2 goblins (D:1)
  4 hobgoblins (D:1)
  5 kobolds (D:1)
  3 rats (D:1)
26 creatures vanquished.

Notes
Turn   | Place    | Note
-------+----------+-------------------------------------------
     0 | D:1      | coffeetime the Troll Warper began the quest for the Orb.
     0 | D:1      | Reached XP level 1. HP: 19/19 MP: 1/1
   278 | D:1      | Reached XP level 2. HP: 26/27 MP: 2/2
   453 | D:1      | Reached XP level 3. HP: 29/33 MP: 3/3
   483 | D:1      | Noticed an eye of devastation
   485 | D:1      | Found a faded altar of an unknown god.
   489 | D:1      | Noticed a floating eye
   489 | D:1      | Noticed a shining eye
   489 | D:1      | Noticed a shining eye
   507 | D:1      | Prayed at the altar of an unknown god.
   507 | D:1      | Became a worshipper of Sif Muna the Loreminder
   507 | D:1      | Reached * piety under Sif Muna
   509 | D:1      | Quit the game

Illustrated notes

Levels and vault maps discovered:
D:1:      eino_arrival_tree_alley, layout_basic,
          hellmonk_ecumenical_altar_watching_god, chequers_decorated_corner,
          amcnicky_mini_corridor_feature, chequers_garden, roderic_roman_lattice

Skill      XL: |  1 |
---------------+----+-----
Dodging        | 2 |  2.2
Fighting       | |  1.6
Throwing       | |  0.8
Unarmed Combat | |  2.4
Spellcasting   | |  1.3
Translocations | |  2.6

Action                   || total
-------------------------++-------
Melee: Unarmed           ||    74
       Punch             ||     3
Armor: Robe              ||    23
Dodge: Dodged            ||    30
